Workbook

Sheet June 2017
A1: Check Number | D1: Check Date | E1: Vendor Name | G1: Transaction Amount | W1: Description | X1: Account Name | Y1: Department | Z1: Division | AA1: Project Number
A2: 457660 | D2: 42899 | E2: BOB TOMES FORD | G2: 828.26 | W2: BLANKET PURCHASE ORDER | X2: AUTO MAINTENANCE | Y2: EQUIPMENT SERVICES | Z2: EQUIP SERV-SHARED
G9: -70 | W9: INV# 33279 | X9: AUTO MAINTENANCE | Y9: EQUIPMENT SERVICES | Z9: EQUIP SERV-SHARED
G10: -53.86 | W10: INV# 34287 | X10: AUTO MAINTENANCE | Y10: EQUIPMENT SERVICES | Z10: EQUIP SERV-SHARED
G11: -50 | W11: INV# 43346 | X11: AUTO MAINTENANCE | Y11: EQUIPMENT SERVICES | Z11: EQUIP SERV-SHARED
A12: 458160 | D12: 42906 | G12: 384.55 | W12: BLANKET PURCHASE ORDER | X12: AUTO MAINTENANCE | Y12: EQUIPMENT SERVICES | Z12: EQUIP SERV-SHARED
N20: =SUM(hList_Frame_1!B1:B17) -> 1038.95
A22: 457279 | D22: 42892 | E22: MATTHEW BENDER & CO INC | G22: 117.43 | W22: BLANKET PURCHASE ORDER | X22: LIBRARY UPDATES | Y22: BUDGET | Z22: LAW LIBRARY-ADMIN
Q24: =SUM(hList_Frame_1!B18:B18) -> 117.43
A26: 457166 | D26: 42892 | E26: HEIDENHEIMER, MARK | G26: 450 | W26: 002-82030-17 | X26: COURT APPOINTED ATTORNEY | Y26: COURT APPT REPRESENTATION | Z26: COURT APPT REPRESENTATION | AA26: IDCL2M
G27: 450 | W27: 002-87715-16 | X27: COURT APPOINTED ATTORNEY | Y27: COURT APPT REPRESENTATION | Z27: COURT APPT REPRESENTATION | AA27: IDCL2M
A28: 457167 | D28: 42892 | G28: 500 | W28: 219-80370-17 | X28: COURT APPOINTED ATTORNEY | Y28: COURT APPT REPRESENTATION | Z28: COURT APPT REPRESENTATION | AA28: ID219F
N30: =SUM(hList_Frame_1!B19:B21) -> 1400
A32: 458161 | D32: 42906 | E32: POLLOCK PAPER DISTRIBUTORS | G32: 906.4 | W32: JANITORIAL SUPPLIES | X32: JANITORIAL SUPPLIES | Y32: JUVENILE PROBATION | Z32: JUV DET -ADMIN
Y33: SHERIFF'S OFFICE | Z33: JAIL OPS-ADMIN
P35: =SUM(hList_Frame_1!B22:B23) -> 906.4
A37: 457661 | D37: 42899 | E37: THOMASON TIRE INC | G37: 138.89 | W37: BLANKET PURCHASE ORDER | X37: AUTO MAINTENANCE | Y37: EQUIPMENT SERVICES | Z37: EQUIP SERV-SHARED
X38: GROUNDS EQUIPMENT MAINT | Y38: EQUIPMENT SERVICES | Z38: EQUIP SERV-SHARED
A39: 458162 | D39: 42906 | G39: 74.86 | W39: BLANKET PURCHASE ORDER | X39: AUTO MAINTENANCE | Y39: EQUIPMENT SERVICES | Z39: EQUIP SERV-SHARED
P42: =SUM(hList_Frame_1!B24:B26) -> 213.75
A44: 457280 | D44: 42892 | E44: TEKNI KUT CORP | G44: 421.25 | W44: BUILDER'S SUPPLIES | X44: BUILDING SUPPLIES | Y44: FACILITIES & PARKS | Z44: BUILD SUP-SHARED | AA44: B03002
P46: =SUM(hList_Frame_1!B27:B27) -> 421.25
A48: 457662 | D48: 42899 | E48: WEST PUBLISHING CORPORATION | G48: 5433.96 | W48: BLANKET PURCHASE ORDER | X48: LIBRARY BOOKS | Y48: DISTRICT ATTORNEY | Z48: DA-ADMIN
G50: 124 | W50: MISC PROFESSIONAL SERVICE | X50: LIBRARY BOOKS | Y50: JUSTICES OF THE PEACE | Z50: JP4-ADMIN
A51: 457663 | D51: 42899 | G51: 291.04 | W51: PUBLICATIONS/AUDIOVISUALS | X51: DUES & SUBSCRIPTIONS | Y51: UNALLOCATED | Z51: NON-DEPARTMENTAL
A52: 457664 | D52: 42899 | G52: 6838 | W52: BLANKET PURCHASE ORDER | X52: LIBRARY UPDATES | Y52: BUDGET | Z52: LAW LIBRARY-ADMIN
A54: 457665 | D54: 42899 | G54: 2950.18 | W54: BLANKET PURCHASE ORDER | X54: COMMUNICATION LINE LEASE | Y54: BUDGET | Z54: LAW LIBRARY-ADMIN
L56: =SUM(hList_Frame_1!B28:B34) -> 15637.18
A58: 457281 | D58: 42892 | E58: PLANO POWER EQUIPMENT | G58: 67.09 | W58: BLANKET PURCHASE ORDER | X58: GROUNDS EQUIPMENT MAINT | Y58: EQUIPMENT SERVICES | Z58: EQUIP SERV-SHARED
A60: 458163 | D60: 42906 | G60: 448.84 | W60: BLANKET PURCHASE ORDER | X60: GROUNDS EQUIPMENT MAINT | Y60: EQUIPMENT SERVICES | Z60: EQUIP SERV-SHARED
X62: HEAVY EQUIPMENT REPAIR | Y62: EQUIPMENT SERVICES | Z62: EQUIP SERV-SHARED
G63: -11.66 | W63: INV# 1276311 | X63: GROUNDS EQUIPMENT MAINT | Y63: EQUIPMENT SERVICES | Z63: EQUIP SERV-SHARED
P65: =SUM(hList_Frame_1!B35:B40) -> 504.27
A67: 457282 | D67: 42892 | E67: GEBO DISTRIBUTING CO | G67: 39.38 | W67: BLANKET PURCHASE ORDER | X67: ANIMAL CARE | Y67: ANIMAL SHELTER | Z67: ANIMAL SHELTER-ADMIN
A69: 457666 | D69: 42899 | G69: 244.93 | W69: BLANKET PURCHASE ORDER | X69: ANIMAL CARE | Y69: ANIMAL SHELTER | Z69: ANIMAL SHELTER-ADMIN
A70: 458164 | D70: 42906 | G70: 44.94 | W70: BLANKET PURCHASE ORDER | X70: ANIMAL CARE | Y70: ANIMAL SHELTER | Z70: ANIMAL SHELTER-ADMIN
X71: SMALL TOOLS | Y71: PUBLIC WORKS | Z71: R&B - ADMIN
P73: =SUM(hList_Frame_1!B41:B45) -> 329.25
A75: 457667 | D75: 42899 | E75: BEN E KEITH DFW | G75: 7157.95 | W75: EDIBLE FOODS, STAPLE | X75: FOOD SUPPLIES | Y75: JUVENILE PROBATION | Z75: JUV DET -ADMIN
X76: JAIL FOOD
X78: MINIMUM SECURITY FOOD
G80: 1957.32 | W80: FOODS, PERISHABLE | X80: JAIL FOOD
X82: MINIMUM SECURITY FOOD
G84: 997.8 | W84: FOODS, READY-TO-EAT | X84: JAIL FOOD
A86: 458165 | D86: 42906 | G86: 2406.63 | W86: EDIBLE FOODS, STAPLE | X86: JAIL FOOD
X87: MINIMUM SECURITY FOOD
G88: 934.6 | W88: FOODS, PERISHABLE | X88: JAIL FOOD
X89: MINIMUM SECURITY FOOD
L91: =SUM(hList_Frame_1!B46:B60) -> 13454.3
A93: 458166 | D93: 42906 | E93: ROACH, JOHN R JR | G93: 124.12 | X93: TRAVEL REIMBURSEMENT | Y93: DISTRICT COURTS | Z93: GRANT - TVC VET'S COURT | AA93: GT192C
P95: =SUM(hList_Frame_1!B61:B61) -> 124.12
A97: 457283 | D97: 42892 | E97: ALFORD INSURANCE AGENCY | G97: 31.92 | W97: BLANKET PURCHASE ORDER | X97: SPECIAL DELIVERY SERVICE | Y97: BUDGET | Z97: SUPPORT SERVICES - SHARED
G98: 213 | W98: FINANCIAL/ACCOUNTANCY SER | X98: NOTARY BONDS | Y98: UNALLOCATED | Z98: NON-DEPARTMENTAL
A101: 457668 | D101: 42899 | G101: 142 | W101: FINANCIAL/ACCOUNTANCY SER | X101: NOTARY BONDS | Y101: UNALLOCATED | Z101: NON-DEPARTMENTAL
P104: =SUM(hList_Frame_1!B62:B67) -> 386.92
A106: 457284 | D106: 42892 | E106: CUNDIFF, AMY | G106: 1037 | W106: san marcos, tx | X106: TRAVEL ADVANCES
N108: =SUM(hList_Frame_1!B68:B68) -> 1037
A110: 457669 | D110: 42899 | E110: MAY, JEFFRY | G110: 250.19 | W110: j may-denver, co | X110: EDUCATION & CONFERENCE | Y110: COUNTY AUDITOR | Z110: AUDITOR - ADMIN
G111: 455.33 | W111: j may-san antonio, tx | X111: EDUCATION & CONFERENCE | Y111: COUNTY AUDITOR | Z111: AUDITOR - ADMIN
P113: =SUM(hList_Frame_1!B69:B70) -> 705.52
A115: 457285 | D115: 42892 | E115: COLLIN COUNTY CLERK | G115: 198670 | W115: SALE OF SURPLUS&OBSOLETE | X115: RIGHT OF WAY ACQUISITION | Y115: TOLLROAD AUTHORITY | Z115: ENG-ROAD/BRIDGE CONST | AA115: OL75IN
J117: =SUM(hList_Frame_1!B71:B71) -> 198670
A119: 457670 | D119: 42899 | E119: KEMP, STACEY | G119: 226.32 | W119: s kemp-san marcos, tx | X119: EDUCATION & CONFERENCE | Y119: COUNTY CLERK | Z119: COUNTY CLERK-ADMIN
X120: TRAVEL ADVANCES
A121: 457671 | D121: 42899 | G121: 258 | W121: south padre island, tx | X121: TRAVEL ADVANCES
P123: =SUM(hList_Frame_1!B72:B74) -> 484.32
A125: 457287 | D125: 42892 | E125: OFFICE DEPOT | G125: 1879.13 | W125: OFFICE SUPPLIES (GENERAL) | X125: OFFICE SUPPLIES | Y125: ADMINISTRATIVE SERVICES | Z125: ADMINISTRATIVE SERV-ADMIN
Y126: CONSTABLES | Z126: C4-ADMIN
Y128: COUNTY CLERK | Z128: CCLC-ADMIN
Y129: DISTRICT ATTORNEY | Z129: DA-ADMIN
Y130: DISTRICT CLERK | Z130: DIST CLERK-ADMIN
Y131: EQUIPMENT SERVICES | Z131: EQUIP SERV-ADMIN
Y133: HUMAN RESOURCES | Z133: HR - ADMIN
Y134: JUVENILE PROBATION | Z134: JUV PROB-ADMIN
Y141: TAX ASSESSOR/COLLECTOR | Z141: TAX A/C - ADMIN
Y142: VETERAN SERVICES | Z142: VETERAN - ADMIN
A143: 457288 | D143: 42892 | G143: 61.43 | W143: BLANKET PURCHASE ORDER | X143: OFFICE SUPPLIES | Y143: HEALTHCARE SERVICES | Z143: GRANT-WIC PROGRAM | AA143: GT233D
G144: 75.52 | W144: OFFICE SUPPLIES (GENERAL) | X144: OFFICE SUPPLIES | Y144: CSCD | Z144: CSCD-BASIC SUPERVISION | AA144: GT226E
Y145: HOMELAND SECURITY | Z145: GRANT-BIOTERRORISM | AA145: GT224E
A146: 457676 | D146: 42899 | G146: 2153.76 | W146: IR:PRINTER/PLOTTER/ACCESS | X146: CENTRAL SUPPLY
G147: -13.49 | W147: Inv#931590699001 | X147: OFFICE SUPPLIES | Y147: TAX ASSESSOR/COLLECTOR | Z147: TAX A/C - ADMIN
G148: 5144.43 | W148: OFFICE SUPPLIES (GENERAL) | X148: ELECTION SUPPLIES | Y148: ELECTIONS | Z148: ELECTIONS-ADMIN
X152: OFFICE SUPPLIES | Y152: ANIMAL SHELTER | Z152: ANIMAL SHELTER-ADMIN
Y153: BUDGET | Z153: SUPPORT SERVICES - ADMIN
Y154: CONSTABLES | Z154: C1-ADMIN
Z156: C3-ADMIN
Y158: COUNTY AUDITOR | Z158: AUDITOR - ADMIN
Y160: COUNTY CLERK | Z160: COUNTY CLERK-ADMIN
Y161: COUNTY COURTS | Z161: PROBATE-ADMIN
Y162: DEVELOPMENT SERVICES | Z162: DEV SERV-ADMIN
Y163: DISTRICT ATTORNEY | Z163: DA-ADMIN
Y167: DISTRICT COURTS | Z167: 199TH DC-ADMIN
Z168: 401ST DC-ADMIN
Z170: 416TH DC-ADMIN
Z171: 429TH DC-ADMIN
Z172: FAMILY PRESERVATION-199th
Y173: FIRE MARSHAL | Z173: FIRE MARSHAL-ADMIN
Y174: HEALTHCARE SERVICES | Z174: INDIGENT HC-ADMIN
Y177: HUMAN RESOURCES | Z177: CIVIL SERVICE
Z179: HR - ADMIN
...

Sheet hList_Frame_1
A1: =IF(ISBLANK('June 2017'!A2),"",IF(ISTEXT('June 2017'!A2),0,'June 2017'!A2)) -> 457660 | B1: =IF(ISBLANK('June 2017'!G2),"",IF(ISTEXT('June 2017'!G2),0,'June 2017'!G2)) -> 828.26
A2: =IF(ISBLANK('June 2017'!A3),"",IF(ISTEXT('June 2017'!A3),0,'June 2017'!A3)) | B2: =IF(ISBLANK('June 2017'!G3),"",IF(ISTEXT('June 2017'!G3),0,'June 2017'!G3))
A3: =IF(ISBLANK('June 2017'!A4),"",IF(ISTEXT('June 2017'!A4),0,'June 2017'!A4)) | B3: =IF(ISBLANK('June 2017'!G4),"",IF(ISTEXT('June 2017'!G4),0,'June 2017'!G4))
A4: =IF(ISBLANK('June 2017'!A5),"",IF(ISTEXT('June 2017'!A5),0,'June 2017'!A5)) | B4: =IF(ISBLANK('June 2017'!G5),"",IF(ISTEXT('June 2017'!G5),0,'June 2017'!G5))
A5: =IF(ISBLANK('June 2017'!A6),"",IF(ISTEXT('June 2017'!A6),0,'June 2017'!A6)) | B5: =IF(ISBLANK('June 2017'!G6),"",IF(ISTEXT('June 2017'!G6),0,'June 2017'!G6))
A6: =IF(ISBLANK('June 2017'!A7),"",IF(ISTEXT('June 2017'!A7),0,'June 2017'!A7)) | B6: =IF(ISBLANK('June 2017'!G7),"",IF(ISTEXT('June 2017'!G7),0,'June 2017'!G7))
A7: =IF(ISBLANK('June 2017'!A8),"",IF(ISTEXT('June 2017'!A8),0,'June 2017'!A8)) | B7: =IF(ISBLANK('June 2017'!G8),"",IF(ISTEXT('June 2017'!G8),0,'June 2017'!G8))
A8: =IF(ISBLANK('June 2017'!A9),"",IF(ISTEXT('June 2017'!A9),0,'June 2017'!A9)) | B8: =IF(ISBLANK('June 2017'!G9),"",IF(ISTEXT('June 2017'!G9),0,'June 2017'!G9)) -> -70
A9: =IF(ISBLANK('June 2017'!A10),"",IF(ISTEXT('June 2017'!A10),0,'June 2017'!A10)) | B9: =IF(ISBLANK('June 2017'!G10),"",IF(ISTEXT('June 2017'!G10),0,'June 2017'!G10)) -> -53.86
A10: =IF(ISBLANK('June 2017'!A11),"",IF(ISTEXT('June 2017'!A11),0,'June 2017'!A11)) | B10: =IF(ISBLANK('June 2017'!G11),"",IF(ISTEXT('June 2017'!G11),0,'June 2017'!G11)) -> -50
A11: =IF(ISBLANK('June 2017'!A12),"",IF(ISTEXT('June 2017'!A12),0,'June 2017'!A12)) -> 458160 | B11: =IF(ISBLANK('June 2017'!G12),"",IF(ISTEXT('June 2017'!G12),0,'June 2017'!G12)) -> 384.55
A12: =IF(ISBLANK('June 2017'!A13),"",IF(ISTEXT('June 2017'!A13),0,'June 2017'!A13)) | B12: =IF(ISBLANK('June 2017'!G13),"",IF(ISTEXT('June 2017'!G13),0,'June 2017'!G13))
... A17: =IF(ISBLANK('June 2017'!A18),"",IF(ISTEXT('June 2017'!A18),0,'June 2017'!A18)) | B17: =IF(ISBLANK('June 2017'!G18),"",IF(ISTEXT('June 2017'!G18),0,'June 2017'!G18))
A18: =IF(ISBLANK('June 2017'!A22),"",IF(ISTEXT('June 2017'!A22),0,'June 2017'!A22)) -> 457279 | B18: =IF(ISBLANK('June 2017'!G22),"",IF(ISTEXT('June 2017'!G22),0,'June 2017'!G22)) -> 117.43
A19: =IF(ISBLANK('June 2017'!A26),"",IF(ISTEXT('June 2017'!A26),0,'June 2017'!A26)) -> 457166 | B19: =IF(ISBLANK('June 2017'!G26),"",IF(ISTEXT('June 2017'!G26),0,'June 2017'!G26)) -> 450
A20: =IF(ISBLANK('June 2017'!A27),"",IF(ISTEXT('June 2017'!A27),0,'June 2017'!A27)) | B20: =IF(ISBLANK('June 2017'!G27),"",IF(ISTEXT('June 2017'!G27),0,'June 2017'!G27)) -> 450
A21: =IF(ISBLANK('June 2017'!A28),"",IF(ISTEXT('June 2017'!A28),0,'June 2017'!A28)) -> 457167 | B21: =IF(ISBLANK('June 2017'!G28),"",IF(ISTEXT('June 2017'!G28),0,'June 2017'!G28)) -> 500
A22: =IF(ISBLANK('June 2017'!A32),"",IF(ISTEXT('June 2017'!A32),0,'June 2017'!A32)) -> 458161 | B22: =IF(ISBLANK('June 2017'!G32),"",IF(ISTEXT('June 2017'!G32),0,'June 2017'!G32)) -> 906.4
A23: =IF(ISBLANK('June 2017'!A33),"",IF(ISTEXT('June 2017'!A33),0,'June 2017'!A33)) | B23: =IF(ISBLANK('June 2017'!G33),"",IF(ISTEXT('June 2017'!G33),0,'June 2017'!G33))
A24: =IF(ISBLANK('June 2017'!A37),"",IF(ISTEXT('June 2017'!A37),0,'June 2017'!A37)) -> 457661 | B24: =IF(ISBLANK('June 2017'!G37),"",IF(ISTEXT('June 2017'!G37),0,'June 2017'!G37)) -> 138.89
A25: =IF(ISBLANK('June 2017'!A38),"",IF(ISTEXT('June 2017'!A38),0,'June 2017'!A38)) | B25: =IF(ISBLANK('June 2017'!G38),"",IF(ISTEXT('June 2017'!G38),0,'June 2017'!G38))
A26: =IF(ISBLANK('June 2017'!A39),"",IF(ISTEXT('June 2017'!A39),0,'June 2017'!A39)) -> 458162 | B26: =IF(ISBLANK('June 2017'!G39),"",IF(ISTEXT('June 2017'!G39),0,'June 2017'!G39)) -> 74.86
A27: =IF(ISBLANK('June 2017'!A44),"",IF(ISTEXT('June 2017'!A44),0,'June 2017'!A44)) -> 457280 | B27: =IF(ISBLANK('June 2017'!G44),"",IF(ISTEXT('June 2017'!G44),0,'June 2017'!G44)) -> 421.25
A28: =IF(ISBLANK('June 2017'!A48),"",IF(ISTEXT('June 2017'!A48),0,'June 2017'!A48)) -> 457662 | B28: =IF(ISBLANK('June 2017'!G48),"",IF(ISTEXT('June 2017'!G48),0,'June 2017'!G48)) -> 5433.96
A29: =IF(ISBLANK('June 2017'!A49),"",IF(ISTEXT('June 2017'!A49),0,'June 2017'!A49)) | B29: =IF(ISBLANK('June 2017'!G49),"",IF(ISTEXT('June 2017'!G49),0,'June 2017'!G49))
A30: =IF(ISBLANK('June 2017'!A50),"",IF(ISTEXT('June 2017'!A50),0,'June 2017'!A50)) | B30: =IF(ISBLANK('June 2017'!G50),"",IF(ISTEXT('June 2017'!G50),0,'June 2017'!G50)) -> 124
A31: =IF(ISBLANK('June 2017'!A51),"",IF(ISTEXT('June 2017'!A51),0,'June 2017'!A51)) -> 457663 | B31: =IF(ISBLANK('June 2017'!G51),"",IF(ISTEXT('June 2017'!G51),0,'June 2017'!G51)) -> 291.04
A32: =IF(ISBLANK('June 2017'!A52),"",IF(ISTEXT('June 2017'!A52),0,'June 2017'!A52)) -> 457664 | B32: =IF(ISBLANK('June 2017'!G52),"",IF(ISTEXT('June 2017'!G52),0,'June 2017'!G52)) -> 6838
A33: =IF(ISBLANK('June 2017'!A53),"",IF(ISTEXT('June 2017'!A53),0,'June 2017'!A53)) | B33: =IF(ISBLANK('June 2017'!G53),"",IF(ISTEXT('June 2017'!G53),0,'June 2017'!G53))
A34: =IF(ISBLANK('June 2017'!A54),"",IF(ISTEXT('June 2017'!A54),0,'June 2017'!A54)) -> 457665 | B34: =IF(ISBLANK('June 2017'!G54),"",IF(ISTEXT('June 2017'!G54),0,'June 2017'!G54)) -> 2950.18
A35: =IF(ISBLANK('June 2017'!A58),"",IF(ISTEXT('June 2017'!A58),0,'June 2017'!A58)) -> 457281 | B35: =IF(ISBLANK('June 2017'!G58),"",IF(ISTEXT('June 2017'!G58),0,'June 2017'!G58)) -> 67.09
A36: =IF(ISBLANK('June 2017'!A59),"",IF(ISTEXT('June 2017'!A59),0,'June 2017'!A59)) | B36: =IF(ISBLANK('June 2017'!G59),"",IF(ISTEXT('June 2017'!G59),0,'June 2017'!G59))
A37: =IF(ISBLANK('June 2017'!A60),"",IF(ISTEXT('June 2017'!A60),0,'June 2017'!A60)) -> 458163 | B37: =IF(ISBLANK('June 2017'!G60),"",IF(ISTEXT('June 2017'!G60),0,'June 2017'!G60)) -> 448.84
A38: =IF(ISBLANK('June 2017'!A61),"",IF(ISTEXT('June 2017'!A61),0,'June 2017'!A61)) | B38: =IF(ISBLANK('June 2017'!G61),"",IF(ISTEXT('June 2017'!G61),0,'June 2017'!G61))
A39: =IF(ISBLANK('June 2017'!A62),"",IF(ISTEXT('June 2017'!A62),0,'June 2017'!A62)) | B39: =IF(ISBLANK('June 2017'!G62),"",IF(ISTEXT('June 2017'!G62),0,'June 2017'!G62))
A40: =IF(ISBLANK('June 2017'!A63),"",IF(ISTEXT('June 2017'!A63),0,'June 2017'!A63)) | B40: =IF(ISBLANK('June 2017'!G63),"",IF(ISTEXT('June 2017'!G63),0,'June 2017'!G63)) -> -11.66
A41: =IF(ISBLANK('June 2017'!A67),"",IF(ISTEXT('June 2017'!A67),0,'June 2017'!A67)) -> 457282 | B41: =IF(ISBLANK('June 2017'!G67),"",IF(ISTEXT('June 2017'!G67),0,'June 2017'!G67)) -> 39.38
A42: =IF(ISBLANK('June 2017'!A68),"",IF(ISTEXT('June 2017'!A68),0,'June 2017'!A68)) | B42: =IF(ISBLANK('June 2017'!G68),"",IF(ISTEXT('June 2017'!G68),0,'June 2017'!G68))
A43: =IF(ISBLANK('June 2017'!A69),"",IF(ISTEXT('June 2017'!A69),0,'June 2017'!A69)) -> 457666 | B43: =IF(ISBLANK('June 2017'!G69),"",IF(ISTEXT('June 2017'!G69),0,'June 2017'!G69)) -> 244.93
A44: =IF(ISBLANK('June 2017'!A70),"",IF(ISTEXT('June 2017'!A70),0,'June 2017'!A70)) -> 458164 | B44: =IF(ISBLANK('June 2017'!G70),"",IF(ISTEXT('June 2017'!G70),0,'June 2017'!G70)) -> 44.94
A45: =IF(ISBLANK('June 2017'!A71),"",IF(ISTEXT('June 2017'!A71),0,'June 2017'!A71)) | B45: =IF(ISBLANK('June 2017'!G71),"",IF(ISTEXT('June 2017'!G71),0,'June 2017'!G71))
A46: =IF(ISBLANK('June 2017'!A75),"",IF(ISTEXT('June 2017'!A75),0,'June 2017'!A75)) -> 457667 | B46: =IF(ISBLANK('June 2017'!G75),"",IF(ISTEXT('June 2017'!G75),0,'June 2017'!G75)) -> 7157.95
A47: =IF(ISBLANK('June 2017'!A76),"",IF(ISTEXT('June 2017'!A76),0,'June 2017'!A76)) | B47: =IF(ISBLANK('June 2017'!G76),"",IF(ISTEXT('June 2017'!G76),0,'June 2017'!G76))
A48: =IF(ISBLANK('June 2017'!A77),"",IF(ISTEXT('June 2017'!A77),0,'June 2017'!A77)) | B48: =IF(ISBLANK('June 2017'!G77),"",IF(ISTEXT('June 2017'!G77),0,'June 2017'!G77))
A49: =IF(ISBLANK('June 2017'!A78),"",IF(ISTEXT('June 2017'!A78),0,'June 2017'!A78)) | B49: =IF(ISBLANK('June 2017'!G78),"",IF(ISTEXT('June 2017'!G78),0,'June 2017'!G78))
A50: =IF(ISBLANK('June 2017'!A79),"",IF(ISTEXT('June 2017'!A79),0,'June 2017'!A79)) | B50: =IF(ISBLANK('June 2017'!G79),"",IF(ISTEXT('June 2017'!G79),0,'June 2017'!G79))
A51: =IF(ISBLANK('June 2017'!A80),"",IF(ISTEXT('June 2017'!A80),0,'June 2017'!A80)) | B51: =IF(ISBLANK('June 2017'!G80),"",IF(ISTEXT('June 2017'!G80),0,'June 2017'!G80)) -> 1957.32
A52: =IF(ISBLANK('June 2017'!A81),"",IF(ISTEXT('June 2017'!A81),0,'June 2017'!A81)) | B52: =IF(ISBLANK('June 2017'!G81),"",IF(ISTEXT('June 2017'!G81),0,'June 2017'!G81))
A53: =IF(ISBLANK('June 2017'!A82),"",IF(ISTEXT('June 2017'!A82),0,'June 2017'!A82)) | B53: =IF(ISBLANK('June 2017'!G82),"",IF(ISTEXT('June 2017'!G82),0,'June 2017'!G82))
A54: =IF(ISBLANK('June 2017'!A83),"",IF(ISTEXT('June 2017'!A83),0,'June 2017'!A83)) | B54: =IF(ISBLANK('June 2017'!G83),"",IF(ISTEXT('June 2017'!G83),0,'June 2017'!G83))
A55: =IF(ISBLANK('June 2017'!A84),"",IF(ISTEXT('June 2017'!A84),0,'June 2017'!A84)) | B55: =IF(ISBLANK('June 2017'!G84),"",IF(ISTEXT('June 2017'!G84),0,'June 2017'!G84)) -> 997.8
A56: =IF(ISBLANK('June 2017'!A85),"",IF(ISTEXT('June 2017'!A85),0,'June 2017'!A85)) | B56: =IF(ISBLANK('June 2017'!G85),"",IF(ISTEXT('June 2017'!G85),0,'June 2017'!G85))
A57: =IF(ISBLANK('June 2017'!A86),"",IF(ISTEXT('June 2017'!A86),0,'June 2017'!A86)) -> 458165 | B57: =IF(ISBLANK('June 2017'!G86),"",IF(ISTEXT('June 2017'!G86),0,'June 2017'!G86)) -> 2406.63
... A60: =IF(ISBLANK('June 2017'!A89),"",IF(ISTEXT('June 2017'!A89),0,'June 2017'!A89)) | B60: =IF(ISBLANK('June 2017'!G89),"",IF(ISTEXT('June 2017'!G89),0,'June 2017'!G89))
A61: =IF(ISBLANK('June 2017'!A93),"",IF(ISTEXT('June 2017'!A93),0,'June 2017'!A93)) -> 458166 | B61: =IF(ISBLANK('June 2017'!G93),"",IF(ISTEXT('June 2017'!G93),0,'June 2017'!G93)) -> 124.12
A62: =IF(ISBLANK('June 2017'!A97),"",IF(ISTEXT('June 2017'!A97),0,'June 2017'!A97)) -> 457283 | B62: =IF(ISBLANK('June 2017'!G97),"",IF(ISTEXT('June 2017'!G97),0,'June 2017'!G97)) -> 31.92
A63: =IF(ISBLANK('June 2017'!A98),"",IF(ISTEXT('June 2017'!A98),0,'June 2017'!A98)) | B63: =IF(ISBLANK('June 2017'!G98),"",IF(ISTEXT('June 2017'!G98),0,'June 2017'!G98)) -> 213
A64: =IF(ISBLANK('June 2017'!A99),"",IF(ISTEXT('June 2017'!A99),0,'June 2017'!A99)) | B64: =IF(ISBLANK('June 2017'!G99),"",IF(ISTEXT('June 2017'!G99),0,'June 2017'!G99))
A65: =IF(ISBLANK('June 2017'!A100),"",IF(ISTEXT('June 2017'!A100),0,'June 2017'!A100)) | B65: =IF(ISBLANK('June 2017'!G100),"",IF(ISTEXT('June 2017'!G100),0,'June 2017'!G100))
A66: =IF(ISBLANK('June 2017'!A101),"",IF(ISTEXT('June 2017'!A101),0,'June 2017'!A101)) -> 457668 | B66: =IF(ISBLANK('June 2017'!G101),"",IF(ISTEXT('June 2017'!G101),0,'June 2017'!G101)) -> 142
A67: =IF(ISBLANK('June 2017'!A102),"",IF(ISTEXT('June 2017'!A102),0,'June 2017'!A102)) | B67: =IF(ISBLANK('June 2017'!G102),"",IF(ISTEXT('June 2017'!G102),0,'June 2017'!G102))
A68: =IF(ISBLANK('June 2017'!A106),"",IF(ISTEXT('June 2017'!A106),0,'June 2017'!A106)) -> 457284 | B68: =IF(ISBLANK('June 2017'!G106),"",IF(ISTEXT('June 2017'!G106),0,'June 2017'!G106)) -> 1037
A69: =IF(ISBLANK('June 2017'!A110),"",IF(ISTEXT('June 2017'!A110),0,'June 2017'!A110)) -> 457669 | B69: =IF(ISBLANK('June 2017'!G110),"",IF(ISTEXT('June 2017'!G110),0,'June 2017'!G110)) -> 250.19
A70: =IF(ISBLANK('June 2017'!A111),"",IF(ISTEXT('June 2017'!A111),0,'June 2017'!A111)) | B70: =IF(ISBLANK('June 2017'!G111),"",IF(ISTEXT('June 2017'!G111),0,'June 2017'!G111)) -> 455.33
A71: =IF(ISBLANK('June 2017'!A115),"",IF(ISTEXT('June 2017'!A115),0,'June 2017'!A115)) -> 457285 | B71: =IF(ISBLANK('June 2017'!G115),"",IF(ISTEXT('June 2017'!G115),0,'June 2017'!G115)) -> 198670
A72: =IF(ISBLANK('June 2017'!A119),"",IF(ISTEXT('June 2017'!A119),0,'June 2017'!A119)) -> 457670 | B72: =IF(ISBLANK('June 2017'!G119),"",IF(ISTEXT('June 2017'!G119),0,'June 2017'!G119)) -> 226.32
A73: =IF(ISBLANK('June 2017'!A120),"",IF(ISTEXT('June 2017'!A120),0,'June 2017'!A120)) | B73: =IF(ISBLANK('June 2017'!G120),"",IF(ISTEXT('June 2017'!G120),0,'June 2017'!G120))
A74: =IF(ISBLANK('June 2017'!A121),"",IF(ISTEXT('June 2017'!A121),0,'June 2017'!A121)) -> 457671 | B74: =IF(ISBLANK('June 2017'!G121),"",IF(ISTEXT('June 2017'!G121),0,'June 2017'!G121)) -> 258
A75: =IF(ISBLANK('June 2017'!A125),"",IF(ISTEXT('June 2017'!A125),0,'June 2017'!A125)) -> 457287 | B75: =IF(ISBLANK('June 2017'!G125),"",IF(ISTEXT('June 2017'!G125),0,'June 2017'!G125)) -> 1879.13
A76: =IF(ISBLANK('June 2017'!A126),"",IF(ISTEXT('June 2017'!A126),0,'June 2017'!A126)) | B76: =IF(ISBLANK('June 2017'!G126),"",IF(ISTEXT('June 2017'!G126),0,'June 2017'!G126))
A77: =IF(ISBLANK('June 2017'!A127),"",IF(ISTEXT('June 2017'!A127),0,'June 2017'!A127)) | B77: =IF(ISBLANK('June 2017'!G127),"",IF(ISTEXT('June 2017'!G127),0,'June 2017'!G127))
A78: =IF(ISBLANK('June 2017'!A128),"",IF(ISTEXT('June 2017'!A128),0,'June 2017'!A128)) | B78: =IF(ISBLANK('June 2017'!G128),"",IF(ISTEXT('June 2017'!G128),0,'June 2017'!G128))
A79: =IF(ISBLANK('June 2017'!A129),"",IF(ISTEXT('June 2017'!A129),0,'June 2017'!A129)) | B79: =IF(ISBLANK('June 2017'!G129),"",IF(ISTEXT('June 2017'!G129),0,'June 2017'!G129))
A80: =IF(ISBLANK('June 2017'!A130),"",IF(ISTEXT('June 2017'!A130),0,'June 2017'!A130)) | B80: =IF(ISBLANK('June 2017'!G130),"",IF(ISTEXT('June 2017'!G130),0,'June 2017'!G130))
A81: =IF(ISBLANK('June 2017'!A131),"",IF(ISTEXT('June 2017'!A131),0,'June 2017'!A131)) | B81: =IF(ISBLANK('June 2017'!G131),"",IF(ISTEXT('June 2017'!G131),0,'June 2017'!G131))
A82: =IF(ISBLANK('June 2017'!A132),"",IF(ISTEXT('June 2017'!A132),0,'June 2017'!A132)) | B82: =IF(ISBLANK('June 2017'!G132),"",IF(ISTEXT('June 2017'!G132),0,'June 2017'!G132))
A83: =IF(ISBLANK('June 2017'!A133),"",IF(ISTEXT('June 2017'!A133),0,'June 2017'!A133)) | B83: =IF(ISBLANK('June 2017'!G133),"",IF(ISTEXT('June 2017'!G133),0,'June 2017'!G133))
A84: =IF(ISBLANK('June 2017'!A134),"",IF(ISTEXT('June 2017'!A134),0,'June 2017'!A134)) | B84: =IF(ISBLANK('June 2017'!G134),"",IF(ISTEXT('June 2017'!G134),0,'June 2017'!G134))
A85: =IF(ISBLANK('June 2017'!A135),"",IF(ISTEXT('June 2017'!A135),0,'June 2017'!A135)) | B85: =IF(ISBLANK('June 2017'!G135),"",IF(ISTEXT('June 2017'!G135),0,'June 2017'!G135))
A86: =IF(ISBLANK('June 2017'!A136),"",IF(ISTEXT('June 2017'!A136),0,'June 2017'!A136)) | B86: =IF(ISBLANK('June 2017'!G136),"",IF(ISTEXT('June 2017'!G136),0,'June 2017'!G136))
... A199: =IF(ISBLANK('June 2017'!A249),"",IF(ISTEXT('June 2017'!A249),0,'June 2017'!A249)) -> 458171 | B199: =IF(ISBLANK('June 2017'!G249),"",IF(ISTEXT('June 2017'!G249),0,'June 2017'!G249)) -> 4.59
A200: =IF(ISBLANK('June 2017'!A253),"",IF(ISTEXT('June 2017'!A253),0,'June 2017'!A253)) -> 457678 | B200: =IF(ISBLANK('June 2017'!G253),"",IF(ISTEXT('June 2017'!G253),0,'June 2017'!G253)) -> 77.57
A201: =IF(ISBLANK('June 2017'!A257),"",IF(ISTEXT('June 2017'!A257),0,'June 2017'!A257)) -> 457679 | B201: =IF(ISBLANK('June 2017'!G257),"",IF(ISTEXT('June 2017'!G257),0,'June 2017'!G257)) -> 41.51
A202: =IF(ISBLANK('June 2017'!A261),"",IF(ISTEXT('June 2017'!A261),0,'June 2017'!A261)) -> 457168 | B202: =IF(ISBLANK('June 2017'!G261),"",IF(ISTEXT('June 2017'!G261),0,'June 2017'!G261)) -> 450
A203: =IF(ISBLANK('June 2017'!A262),"",IF(ISTEXT('June 2017'!A262),0,'June 2017'!A262)) | B203: =IF(ISBLANK('June 2017'!G262),"",IF(ISTEXT('June 2017'!G262),0,'June 2017'!G262)) -> 450
A204: =IF(ISBLANK('June 2017'!A263),"",IF(ISTEXT('June 2017'!A263),0,'June 2017'!A263)) | B204: =IF(ISBLANK('June 2017'!G263),"",IF(ISTEXT('June 2017'!G263),0,'June 2017'!G263)) -> 450
A205: =IF(ISBLANK('June 2017'!A264),"",IF(ISTEXT('June 2017'!A264),0,'June 2017'!A264)) -> 458036 | B205: =IF(ISBLANK('June 2017'!G264),"",IF(ISTEXT('June 2017'!G264),0,'June 2017'!G264)) -> 450
A206: =IF(ISBLANK('June 2017'!A268),"",IF(ISTEXT('June 2017'!A268),0,'June 2017'!A268)) -> 457535 | B206: =IF(ISBLANK('June 2017'!G268),"",IF(ISTEXT('June 2017'!G268),0,'June 2017'!G268)) -> 100
A207: =IF(ISBLANK('June 2017'!A269),"",IF(ISTEXT('June 2017'!A269),0,'June 2017'!A269)) | B207: =IF(ISBLANK('June 2017'!G269),"",IF(ISTEXT('June 2017'!G269),0,'June 2017'!G269)) -> 420
A208: =IF(ISBLANK('June 2017'!A270),"",IF(ISTEXT('June 2017'!A270),0,'June 2017'!A270)) -> 458037 | B208: =IF(ISBLANK('June 2017'!G270),"",IF(ISTEXT('June 2017'!G270),0,'June 2017'!G270)) -> 60
A209: =IF(ISBLANK('June 2017'!A271),"",IF(ISTEXT('June 2017'!A271),0,'June 2017'!A271)) | B209: =IF(ISBLANK('June 2017'!G271),"",IF(ISTEXT('June 2017'!G271),0,'June 2017'!G271)) -> 1364.43
A210: =IF(ISBLANK('June 2017'!A272),"",IF(ISTEXT('June 2017'!A272),0,'June 2017'!A272)) | B210: =IF(ISBLANK('June 2017'!G272),"",IF(ISTEXT('June 2017'!G272),0,'June 2017'!G272))
A211: =IF(ISBLANK('June 2017'!A273),"",IF(ISTEXT('June 2017'!A273),0,'June 2017'!A273)) | B211: =IF(ISBLANK('June 2017'!G273),"",IF(ISTEXT('June 2017'!G273),0,'June 2017'!G273)) -> 230
A212: =IF(ISBLANK('June 2017'!A274),"",IF(ISTEXT('June 2017'!A274),0,'June 2017'!A274)) | B212: =IF(ISBLANK('June 2017'!G274),"",IF(ISTEXT('June 2017'!G274),0,'June 2017'!G274))
A213: =IF(ISBLANK('June 2017'!A275),"",IF(ISTEXT('June 2017'!A275),0,'June 2017'!A275)) | B213: =IF(ISBLANK('June 2017'!G275),"",IF(ISTEXT('June 2017'!G275),0,'June 2017'!G275)) -> 520
A214: =IF(ISBLANK('June 2017'!A276),"",IF(ISTEXT('June 2017'!A276),0,'June 2017'!A276)) | B214: =IF(ISBLANK('June 2017'!G276),"",IF(ISTEXT('June 2017'!G276),0,'June 2017'!G276)) -> 30
A215: =IF(ISBLANK('June 2017'!A277),"",IF(ISTEXT('June 2017'!A277),0,'June 2017'!A277)) | B215: =IF(ISBLANK('June 2017'!G277),"",IF(ISTEXT('June 2017'!G277),0,'June 2017'!G277)) -> 180
A216: =IF(ISBLANK('June 2017'!A278),"",IF(ISTEXT('June 2017'!A278),0,'June 2017'!A278)) | B216: =IF(ISBLANK('June 2017'!G278),"",IF(ISTEXT('June 2017'!G278),0,'June 2017'!G278)) -> 40
A217: =IF(ISBLANK('June 2017'!A279),"",IF(ISTEXT('June 2017'!A279),0,'June 2017'!A279)) | B217: =IF(ISBLANK('June 2017'!G279),"",IF(ISTEXT('June 2017'!G279),0,'June 2017'!G279)) -> 498.96
A218: =IF(ISBLANK('June 2017'!A280),"",IF(ISTEXT('June 2017'!A280),0,'June 2017'!A280)) | B218: =IF(ISBLANK('June 2017'!G280),"",IF(ISTEXT('June 2017'!G280),0,'June 2017'!G280))
...
